 Dungeon Crawl Stone Soup version 0.31-a0-430-gf8416d752b (webtiles) character file.

Game seed: 11589939520057355140

90 Ethylacetat the Insei (level 4, -2/29 HPs)
             Began as an Octopode Shapeshifter on July 31, 2023.
             Slain by an adder (4 damage)
             ... on level 3 of the Dungeon.
             The game lasted 00:02:20 (1100 turns).

Ethylacetat the Insei (Octopode Shapeshifter)       Turns: 1100, Time: 00:02:20

Health: -2/29      AC:  1    Str: 14    XL:     4   Next: 56%
Magic:  4/4        EV: 13    Int: 10    God:
Gold:   57         SH:  0    Dex: 14    Spells: 3/3 levels left

rFire   . .          .
                       - Unarmed
rCold   . . .        (no shield)
rNeg    . . .        (helmet currently unavailable)
rPois   .            (no amulet)
rElec   .            (no ring)
rCorr   .            (no ring)
SInv    .            (no ring)
Will    .....        (no ring)
Stlth   ++           (no ring)
HPRegen 0.24/turn    (no ring)
MPRegen 0.09/turn    (no ring)
                     (no ring)

%: no passive effects
@: mighty, lethally poisoned (-2 -> -5), beast-form
A: beast (slay +2), almost no armour, amphibious, 8 rings, camouflage 1,
gelatinous body 1, (nimble swimmer 1), tentacles
a: Begin Untransformation


You were on level 3 of the Dungeon.
You were a hulking beast.
You visited 1 branch of the dungeon, and saw 3 of its levels.

You collected 57 gold pieces.

Inventory:

Talismans
 b - a beast talisman (active)
Scrolls
 d - a scroll of vulnerability {unknown}
 e - 2 scrolls of identify {unknown}
 f - 4 scrolls of immolation {unknown}
 h - 2 scrolls of enchant armour {unknown}
 k - 2 scrolls of teleportation {unknown}
Potions
 a - 2 potions of lignification
 c - a potion of might
 g - 2 potions of curing {unknown}
 i - a potion of heal wounds {unknown}
 j - a potion of cancellation {unknown}


   Skills:
 + Level 2.1 Fighting
 - Level 2.7 Dodging
 + Level 3.6 Unarmed Combat
 * Level 3.5 Shapeshifting


You had 3 spell levels left.
You didn't know any spells.
Your spell library contained the following spells:

 Spells                   Type           Power      Damage    Failure   Level
 Freeze                   Ice            0%         1d3       36%         1
 Frozen Ramparts          Ice            0%         1d1       75%         3
 Hailstorm                Conj/Ice       0%         3d3       75%         3


Dungeon Overview and Level Annotations

Branches:
Dungeon (3/15)

Altars:
Elyvilon

Shops:
D:1 =


Innate Abilities, Weirdness & Mutations

You are a hulking beast.
Your limbs bulge with bestial killing power. (Slay +2)
You cannot wear most types of armour.
You are amphibious.
You can wear up to eight rings at the same time.
Your skin changes colour to match your surroundings (Stealth+).
Your rubbery body absorbs attacks. (AC +1, EV +1)
((You are camouflaged when in or above water. (Stealth+)))
You have tentacles for arms and can constrict up to eight enemies at once.


Message History

You constrict Ijyb, but do no damage. Ijyb hits you with a +0 dagger.
You tentacle-slap Ijyb but do no damage.
You constrict Ijyb, but do no damage. Ijyb hits you but does no damage.
You tentacle-slap Ijyb. You squeeze Ijyb.
Ijyb is moderately wounded.
You constrict Ijyb. Ijyb hits you with a +0 dagger!
You tentacle-slap Ijyb.
Ijyb is heavily wounded.
You constrict Ijyb. Ijyb hits you with a +0 dagger.
You tentacle-slap Ijyb. You squeeze Ijyb.
Ijyb is severely wounded.
You constrict Ijyb. Ijyb hits you with a +0 dagger.
You tentacle-slap Ijyb.
Ijyb is almost dead.
You constrict Ijyb.
You kill Ijyb!
You tentacle-slap the adder. Your grab misses the adder.
Your squeeze misses the adder.
The adder is lightly wounded.
The adder closely misses you.
You barely miss the adder. Your grab misses the adder.
The adder is lightly wounded.
The adder bites you.
* * * LOW HITPOINT WARNING * * *
You closely miss the adder. Your grab misses the adder.
Your squeeze misses the adder.
The adder is lightly wounded.
The adder closely misses you.
You closely miss the adder. You grab the adder. Your squeeze misses the adder.
The adder is lightly wounded.
You constrict the adder. The adder bites you.
* * * LOW HITPOINT WARNING * * *
You are lethally poisoned!
The adder poisons you! The adder closely misses you.
It was a potion of might.
You feel very mighty all of a sudden.
You constrict the adder.
* * * LOW HITPOINT WARNING * * *
You feel sick. The adder bites you.
You die...

... ... .. ###
#......... # ....
......#. .#
.....#...>.. ..
#...### ...#.#
?....#. ....
......S##.#####..
#....h.........
#######.###### #.#
##### #.##### #...#
#...).# #...# #...#
#.....####...# #...#
#............
#...######...........
#........##....####.#


You could see an adder.

Vanquished Creatures
  Jessica (D:3)
  Ijyb (D:3)
  An adder (D:3)
  A dart slug (D:1)
  3 ball pythons (D:1)
  2 endoplasms
  A giant cockroach (D:1)
  4 goblins
  3 hobgoblins
  5 bats (D:1)
  3 kobolds
  A rat (D:1)
26 creatures vanquished.

Notes
Turn   | Place    | Note
-------+----------+-------------------------------------------
     0 | D:1      | Ethylacetat the Octopode Shapeshifter began the quest for
                  | the Orb.
     0 | D:1      | Reached XP level 1. HP: 13/13 MP: 1/1
    82 | D:1      | Found Apleppis's Jewellery Boutique.
   103 | D:1      | Reached XP level 2. HP: 18/18 MP: 2/2
   314 | D:1      | Found a faded altar of an unknown god.
   345 | D:1      | Reached XP level 3. HP: 23/23 MP: 3/3
   461 | D:2      | Found a white marble altar of Elyvilon.
   985 | D:3      | Noticed Jessica
   994 | D:3      | Killed Jessica
  1064 | D:3      | Reached XP level 4. HP: 29/29 MP: 4/4
  1085 | D:3      | Noticed Ijyb
  1095 | D:3      | Killed Ijyb
  1100 | D:3      | Slain by an adder

Illustrated notes

Levels and vault maps discovered:
D:1:      mrwooster_arrival_arrow, layout_basic, serial_shops,
          nicolae_shop_tiny_statue_garden, hellmonk_ecumenical_altar_run_dry
D:2:      layout_basic, basic_altar, minmay_misc_feat_cross
D:3:      layout_basic, zin_purify, okawaru_metal_pillars_1_2,
          minmay_strange_pillars, moated_statue, hangedman_decor_growths,
          uniq_natasha, uniq_grinder, uniq_jessica, uniq_ijyb

Skill      XL: |  1  2  3 |
---------------+----------+-----
Fighting       | 2 |  2.1
Dodging        | |  2.7
Unarmed Combat | |  3.6
Shapeshifting  | |  3.5

Action                     |  1- 3 |  4- 6 || total
---------------------------+-------+-------++-------
  Melee: Unarmed           |    39 |    13 ||    52
         Constrict         |    12 |     2 ||    14
         Tentacles         |     7 |     3 ||    10
         Punch             |     2 |       ||     2
    Use: Potion            |       |     1 ||     1
   Stab: Sleeping          |     6 |     2 ||     8
 Armour: Skin              |     2 |     1 ||     3
  Dodge: Dodged            |    13 |     4 ||    17

Table legend: (Time is in decaauts)
 A = Elapsed time spent in this place.
 B = Non-inter-level travel time spent in this place.
 C = Inter-level travel time spent in this place.
 D = Time resting spent in this place.
 E = Time spent auto-exploring this place.
 F = Levels seen in this place.
 G = Mean time per level.
                   A        B        C        D        E       F      G
               +--------+--------+--------+--------+--------+-----+--------+
         Total |   1096 |   1052 |     44 |      0 |    859 |   3 |  365.3 |
       Dungeon |   1096 |   1052 |     44 |      0 |    859 |   3 |  365.3 |
               +--------+--------+--------+--------+--------+-----+--------+

Top non-repeatable levels by time:
     D:2: 521 daAuts
     D:1: 450 daAuts
     D:3: 124 daAuts
